 Dungeon Crawl Stone Soup version 0.28-a0-1339-ga5422284a4 (webtiles) character file.

Game seed: 5492730427016049078

4756 croobank the Cleaver (level 10, -4/76 HPs)
             Began as a Human Cinder Acolyte on Dec 28, 2021.
             Was a Believer of Ignis.
             Killed by divine providence
             ... invoked by an orc priest
              (11 damage)
             ... on level 9 of the Dungeon on Dec 29, 2021.
             The game lasted 01:03:08 (9777 turns).

croobank the Cleaver (Human Cinder Acolyte)         Turns: 9777, Time: 01:03:09

Health: -4/76      AC: 16    Str: 17    XL:     10   Next: 74%
Magic:  17/17      EV: 14    Int: 16    God:    Ignis [**....]
Gold:   346        SH:  0    Dex:  9    Spells: 13/19 levels left

rFire   + + .      SeeInvis .   a - +8 war axe of Dawn {drain, rF+ Will+}
rCold   . . .      Faith    .   (no shield)
rNeg    . . .      Spirit   .   c - +4 ring mail
rPois   .          Reflect  .   (no helmet)
rElec   .          Harm     .   (no cloak)
rCorr   .          Rampage  .   (no gloves)
Will    +....                   (no boots)
Stlth   +.........              n - amulet of regeneration
HPRegen 1.02/turn               p - ring "Huinelei" {Fly EV+4 Stlth+}
MPRegen 0.15/turn               (no ring)

@: fiery-armoured, flying
A: no striking features
a: Renounce Religion, Fiery Armour, Foxfire Swarm, Rising Flame


You were on level 9 of the Dungeon.
You worshipped Ignis.
Ignis was pleased with you.
You visited 1 branch of the dungeon, and saw 9 of its levels.

You collected 346 gold pieces.

Inventory:

Hand Weapons
 a - the +8 war axe of Dawn (weapon) {drain, rF+ Will+}
   (You found it on level 7 of the Dungeon)

   A truly terrible weapon, it drains the life of any living foe it strikes.
   rF:        It protects you from fire.
   Will:      It increases your willpower.
 b - a +0 hunting sling
 k - a +1 dagger of draining
 l - a +0 whip of electrocution
 r - a +1 whip of holy wrath
 v - a +2 flail of protection
 F - a +2 dagger of speed
Missiles
 f - 5 boomerangs
 g - 238 stones
 s - 55 poisoned darts
 t - 254 arrows
 u - 2 datura-tipped darts (quivered)
 y - 38 sling bullets
 B - 2 curare-tipped darts
 C - 5 javelins
 G - 2 throwing nets
 J - 40 bolts
Armour
 c - a +4 ring mail (worn)
 d - a +0 scale mail
 m - a +0 robe
 q - a +0 cloak
 D - a +0 plate armour
 H - a +0 kite shield
Jewellery
 n - an amulet of regeneration (around neck)
 p - the ring "Huinelei" (left hand) {Fly EV+4 Stlth+}
   (You acquired it on level 3 of the Dungeon)

   [ring of evasion]

   EV:        It affects your evasion (+4).
   Fly:       It grants you flight.
   Stlth:     It makes you more stealthy.
Wands
 z - a wand of digging (6)
 E - a wand of paralysis (6)
 K - a wand of iceblast (3)
Scrolls
 j - 2 scrolls of magic mapping
 w - a scroll of summoning {unknown}
 A - a scroll of fear {unknown}
 I - a scroll of enchant weapon {unknown}
Potions
 e - 4 potions of curing
 h - 2 potions of cancellation
 i - a potion of magic
 o - 2 potions of might


   Skills:
 - Level 6.2 Fighting
 - Level 5.0 Short Blades
 + Level 11.0 Axes
 - Level 5.0 Spellcasting
 - Level 6.2 Fire Magic


You had 13 spell levels left.
You knew the following spells:

 Your Spells              Type           Power      Damage    Failure   Level
a - Scorch                Fire           46%        2d7       3%          2
b - Swiftness             Air            4%         N/A       63%         3
c - Shock                 Conj/Air       16%        1d4       28%         1

Your spell library contained the following spells:

 Spells                   Type           Power      Damage    Failure   Level
 Animate Skeleton         Necr           8%         N/A       28%         1
 Apportation              Tloc           8%         N/A       28%         1
 Freeze                   Ice            16%        1d4       28%         1
 Summon Small Mammal      Summ           16%        N/A       28%         1
 Corpse Rot               Necr/Air       8%         N/A       38%         2
 Poisonous Vapours        Pois/Air       8%         N/A       38%         2
 Frozen Ramparts          Ice            8%         1d2       63%         3
 Airstrike                Air            2%         N/A       95%         4
 Hailstorm                Conj/Ice       4%         3d4       95%         4


Dungeon Overview and Level Annotations

Branches:
Dungeon (9/15)             Temple (0/1) D:6
   Lair: D:8-11         Orc: D:9-12

Altars:
Lugonu

Annotations:
D:8 2 transporters
D:9 3 runed translucent doors, bande's ghost, novice GrFi


Message History

The death yak misses you.
You barely miss the death yak.
The death yak is lightly wounded.
You hit something. The death yak gores you. Something hits you.
You barely miss the death yak.
The death yak is lightly wounded.
You slash something! The death yak gores you!!
Something hits you but does no damage.
The orc shouts!
You slash the death yak!
The death yak is lightly wounded.
You barely miss something. You closely miss the kobold.
The kobold barely misses you. The death yak gores you!! Something hits you.
You slash the death yak! You drain the death yak!
The death yak is heavily wounded.
You miss something. You slash the kobold!
You kill the kobold!
The death yak gores you!
* * * LOW HITPOINT WARNING * * *
You hear some strange, mumbled words.
A magic dart appears from out of thin air!
The magic dart hits you but does no damage.
A protective cloak of flame settles atop you.
The kobold hits you but does no damage.
The kobold is burned by your cloak of flames.
You kill the kobold!
The death yak closely misses you. Something hits you but does no damage.
Reactivating autopickup.
You feel a bit more experienced.
You hit the death yak.
The death yak is heavily wounded.
An orc priest comes into view. It is wielding a +0 club.
The death yak gores you!
* * * LOW HITPOINT WARNING * * *
Okay, then.
You slash the death yak!
The death yak is heavily wounded.
The orc priest mumbles some strange prayers to Beogh against you.
Beogh smites you!
You die...

#.................
#...........o..#####
#...................#
....................#
..!########........#
.. #.o......#
#........# #...)Y)..#
#....@...# ##########


You could see a death yak (drained), an orc priest and an orc.

Vanquished Creatures
  2 two-headed ogres (D:8)
  Prince Ribbit (D:5)
  A wyvern (D:9)
  4 yaks
  A wraith (D:9)
  An orc warrior (D:9)
  2 sky beasts (D:7)
  A black bear (D:6)
  2 necrophages
  2 centaurs
  A phantom (D:7)
  4 kobold brigands
  Blork the orc (D:5)
  4 wights (D:8)
  A bullfrog zombie (D:7)
  2 centaur zombies
  6 hounds
  2 gnoll shamans
  3 orc priests
  3 iguanas
  4 orc wizards
  2 killer bee zombies (D:7)
  2 hound zombies (D:5)
  3 howler monkey zombies
  8 gnolls
  8 adders
  2 ufetubi
  4 worms
  2 dart slugs
  26 orcs
  2 ball pythons
  5 endoplasms
  5 giant cockroaches
  8 goblins
  2 hobgoblins
  3 jackals (D:4)
  4 quokkas
  6 bats
  2 frilled lizards (D:2)
  40 kobolds
  7 rats
189 creatures vanquished.

Vanquished Creatures (others)
  53 foxfires
53 creatures vanquished.

Grand Total: 242 creatures vanquished

Notes
Turn   | Place    | Note
-------+----------+-------------------------------------------
     0 | D:1      | croobank the Human Cinder Acolyte began the quest for the
                  | Orb.
     0 | D:1      | Reached XP level 1. HP: 18/18 MP: 2/2
   206 | D:1      | Found a faded altar of an unknown god.
   289 | D:1      | Reached XP level 2. HP: 24/24 MP: 3/3
   292 | D:1      | Learned a level 2 spell: Scorch
   710 | D:1      | Reached XP level 3. HP: 28/29 MP: 0/5
  1403 | D:2      | Learned a level 3 spell: Swiftness
  1774 | D:2      | Reached XP level 4. HP: 35/35 MP: 1/6
  2562 | D:3      | Reached skill level 1 in Short Blades
  2819 | D:3      | Reached XP level 5. HP: 42/42 MP: 5/8
  3597 | D:3      | Reached XP level 6. HP: 48/48 MP: 2/9
  3899 | D:3      | Identified a scroll of acquirement
  3899 | D:3      | Acquired the ring "Huinelei" {Fly EV+4 Stlth+}
  4235 | D:5      | Entered Level 5 of the Dungeon
  4272 | D:5      | Noticed Prince Ribbit
  4280 | D:5      | Killed Prince Ribbit
  4281 | D:5      | Reached XP level 7. HP: 43/55 MP: 4/11
  5070 | D:4      | Reached skill level 5 in Fighting
  5070 | D:4      | Reached skill level 5 in Fire Magic
  5442 | D:4      | Reached XP level 8. HP: 62/62 MP: 8/13
  5766 | D:5      | Noticed Blork the orc
  5777 | D:5      | Killed Blork the orc
  6742 | D:6      | Found a staircase to the Ecumenical Temple.
  7919 | D:7      | Reached XP level 9. HP: 62/69 MP: 6/16
  7975 | D:7      | Reached skill level 5 in Short Blades
  8013 | D:7      | Paralysed by a kobold for 7 turns
  8032 | D:7      | Reached skill level 5 in Spellcasting
  8035 | D:7      | Identified the +8 war axe of Dawn {drain, rF+ Will+}
  8188 | D:8      | Learned a level 1 spell: Shock
  8289 | D:8      | Reached skill level 4 in Axes
  8314 | D:8      | Noticed a two-headed ogre
  8503 | D:8      | Killed a two-headed ogre
  8504 | D:8      | Reached skill level 6 in Axes
  8620 | D:8      | Reached skill level 7 in Axes
  8797 | D:8      | Noticed a two-headed ogre
  8806 | D:8      | Found a transporter.
  8813 | D:8      | Killed a two-headed ogre
  8814 | D:8      | Reached skill level 8 in Axes
  8814 | D:8      | Reached XP level 10. HP: 59/76 MP: 15/17
  8832 | D:8      | Noticed a green ugly thing
  8832 | D:8      | Noticed a red ugly thing
  8832 | D:8      | Noticed a purple ugly thing
  8833 | D:8      | Noticed a cyan ugly thing
  8835 | D:8      | Found a corrupted altar of Lugonu.
  8835 | D:8      | Noticed a komodo dragon
  9044 | D:8      | Reached skill level 9 in Axes
  9143 | D:8      | Reached skill level 10 in Axes
  9287 | D:8      | Noticed a black mamba
  9289 | D:8      | Found a transporter.
  9667 | D:9      | Reached skill level 11 in Axes
  9697 | D:9      | Noticed an ice devil
  9707 | D:9      | Found a runed translucent gate.
  9707 | D:9      | Found a runed translucent gate.
  9707 | D:9      | Found a runed translucent gate.
  9710 | D:9      | Noticed a death yak
  9710 | D:9      | Noticed a two-headed ogre
  9720 | D:9      | Noticed bande's ghost (novice GrFi)
  9777 | D:9      | Killed from afar by an orc priest

Illustrated notes

Levels and vault maps discovered:
D:1:      wheals_arrival_shading, layout_loops_ring,
          shapermc_ecumenical_altar_flowoftime, amcnicky_mini_pool_small
D:2:      layout_loops_corners
D:3:      layout_loops_ring
D:4:      layout_basic
D:5:      layout_basic, uniq_prince_ribbit1, uniq_blork_the_orc
D:6:      layout_basic, minmay_temple_entry_purple_smoke
D:7:      layout_basic
D:8:      gammafunk_corrupted_shrine, layout_basic
D:9:      layout_basic, nicolae_overflow_crystal_walls, dpeg_lair_monsters,
          hiddenorc1_lemuel, gammafunk_ghost_icy

Skill      XL: |  1  2  3  4  5  6  7  8  9 10 |
---------------+-------------------------------+-----
Short Blades   | 1 2 3 4 5 |  5.0
Spellcasting   | 2 3 4 5 |  5.0
Fighting       | 4 5 6 |  6.2
Fire Magic     | 4 5 6 |  6.2
Axes           | 8 11 | 11.0

Action                   |  1- 3 |  4- 6 |  7- 9 | 10-12 || total
-------------------------+-------+-------+-------+-------++-------
Melee: Hand axe          |    25 |       |       |       ||    25
       Dagger            |    16 |   140 |   107 |       ||   263
       War axe           |       |       |    43 |    86 ||   129
 Fire: Hunting sling     |       |       |    21 |     4 ||    25
Throw: Boomerang         |       |     8 |       |       ||     8
       Dart              |       |       |     4 |       ||     4
       Javelin           |       |       |     1 |       ||     1
 Cast: Scorch            |    22 |    49 |   116 |    12 ||   199
Invok: Fiery Armour      |       |     1 |     2 |     2 ||     5
       Foxfire Swarm     |       |       |     2 |     1 ||     3
  Use: Scroll            |       |     5 |     7 |     3 ||    15
       Potion            |       |       |     4 |     1 ||     5
Armor: Ring mail         |    18 |    36 |    66 |    48 ||   168
Dodge: Dodged            |    21 |    49 |   118 |    88 ||   276

Table legend: (Time is in decaauts)
 A = Elapsed time spent in this place.
 B = Non-inter-level travel time spent in this place.
 C = Inter-level travel time spent in this place.
 D = Time resting spent in this place.
 E = Time spent auto-exploring this place.
 F = Levels seen in this place.
 G = Mean time per level.
                   A        B        C        D        E       F      G
               +--------+--------+--------+--------+--------+-----+--------+
         Total |   9676 |   9412 |    264 |   1333 |   5467 |   9 | 1075.1 |
       Dungeon |   9676 |   9412 |    264 |   1333 |   5467 |   9 | 1075.1 |
               +--------+--------+--------+--------+--------+-----+--------+

Top non-repeatable levels by time:
     D:3: 1506 daAuts
     D:1: 1394 daAuts
     D:8: 1212 daAuts
     D:2: 1199 daAuts
     D:5: 1190 daAuts
     D:6: 1024 daAuts
     D:4: 1011 daAuts
     D:7: 810 daAuts
     D:9: 327 daAuts
